 Dungeon Crawl Stone Soup version 0.21.1-1-g345015f (webtiles) character file.

265 Fang the Skirmisher (level 6, -9/39 HPs)
             Began as a Gargoyle Berserker on June 14, 2018.
             Was a Priest of Trog.
             Mangled by an ogre
             ... wielding a cursed -3 giant club
              (25 damage)
             ... on level 4 of the Dungeon.
             The game lasted 00:03:16 (3222 turns).

Fang the Skirmisher (Gargoyle Berserker)            Turns: 3222, Time: 00:03:17

Health: -9/39      AC:  6    Str: 23    XL:     6   Next: 20%
Magic:  6/6        EV: 12    Int:  7    God:    Trog [***...]
Gold:   142        SH:  0    Dex:  9    Spells: 5/5 levels left

rFire    . . .     SeeInvis .   a - +0 hand axe
rCold    . . .     Gourm    .   (no shield)
rNeg     + . .     Faith    .   b - +0 animal skin
rPois    ∞         Spirit   .   (no helmet)
rElec    +         Reflect  .   (no cloak)
rCorr    .         Harm     .   (no gloves)
MR       .....                  (no boots)
Stlth    +.........             (no amulet)
HPRegen  0.13/turn              (no ring)
MPRegen  0.10/turn              (no ring)

@: berserk cooldown, slowed, very slow
A: negative energy resistance 1, electricity resistance, unbreathing,
petrification resistance, rot immunity, AC +4
a: Berserk, Trog's Hand, Burn Spellbooks, Renounce Religion


You were on level 4 of the Dungeon.
You worshipped Trog.
Trog was most pleased with you.
You were very hungry.

You visited 1 branch of the dungeon, and saw 4 of its levels.

You collected 142 gold pieces.

Inventory:

Hand Weapons
 a - a +0 hand axe (weapon)
Armour
 b - a +0 animal skin (worn)
Jewellery
 m - a +2 ring of strength {unknown}
 r - an uncursed amulet of guardian spirit {unknown}
 s - an uncursed amulet of magic regeneration {unknown}
Scrolls
 d - 2 scrolls of magic mapping {unknown}
 e - 3 scrolls of identify {unknown}
 f - 2 scrolls of enchant armour {unknown}
 g - 3 scrolls of teleportation {unknown}
 i - a scroll of remove curse {unknown}
 k - 2 scrolls of noise {unknown}
Potions
 h - a potion of heal wounds {unknown}
 j - a potion of mutation {unknown}
 l - a potion of resistance {unknown}
 n - a potion of haste {unknown}
 o - a potion of curing {unknown}
 p - 2 potions of brilliance {unknown}
 q - 4 potions of might {unknown}
Comestibles
 c - 4 rations


   Skills:
 + Level 4.5 Fighting
 + Level 4.5 Axes
 + Level 2.2 Armour
 + Level 2.9 Dodging
 + Level 1.3 Stealth


You had 5 spell levels left.
You didn't know any spells.

Dungeon Overview and Level Annotations

Branches:
Dungeon (4/15)
 Temple: D:4-7

Altars:
Zin


Innate Abilities, Weirdness & Mutations

You are resistant to torment.
Your stone body is resilient. (AC +4)
You are immune to poison.
You resist negative energy. (rN+)
You are resistant to electric shocks. (rElec)
You can survive without breathing.
You are immune to petrification.
You are immune to rotting.


Message History

You closely miss the giant cockroach.
The ogre shouts!
The giant cockroach barely misses you.
The giant cockroach bites you but does no damage.
You hit the giant cockroach but do no damage.
The giant cockroach barely misses you. The giant cockroach misses you.
You barely miss the ogre. You hit the giant cockroach.
You kill the giant cockroach!
Trog accepts your kill. The ogre closely misses you.
You barely miss the ogre. The ogre closely misses you.
The ogre hits you with a giant club!
You are too injured to fight recklessly!
You're still recovering from your berserk rage.
The ogre closely misses you.
Things that are here:
a whip; a leather armour The ogre hits you with a giant club!!
Ouch! That really hurt!
You die...

..# ##. ...##### .(.
.##.....########.###
................<...
......[...##)......%
....................
........O.)....#....
........@))......# #
.......<..#####.##
..###..#### .# ....#
# #[...# ##... ....
.##


You could see an ogre.

Vanquished Creatures
  An orc wizard (D:3)
  An orc priest (D:4)
  Terence (D:2)
  Jessica (D:2)
  Robin (D:2)
  A gnoll (D:1)
  2 adders
  An ooze (D:2)
  A worm (D:3)
  A dart slug (D:2)
  2 leopard geckos
  8 orcs
  11 bats
  4 giant cockroaches
  16 goblins
  13 hobgoblins
  8 jackals (D:2)
  6 kobolds
  A ball python (D:1)
  4 frilled lizards
  7 rats
91 creatures vanquished.

Notes
Turn   | Place    | Note
-------+----------+-------------------------------------------
     0 | D:1      | Fang the Gargoyle Berserker began the quest for the Orb.
     0 | D:1      | Reached XP level 1. HP: 14/14 MP: 1/1
   402 | D:1      | Reached XP level 2. HP: 13/19 MP: 2/2
   760 | D:1      | Reached XP level 3. HP: 22/24 MP: 3/3
  1545 | D:2      | Noticed Terence
  1563 | D:2      | Killed Terence
  1563 | D:2      | Reached XP level 4. HP: 11/29 MP: 4/4
  1923 | D:2      | Found a glowing silver altar of Zin.
  1952 | D:2      | Noticed Jessica
  1958 | D:2      | Killed Jessica
  1970 | D:2      | Reached ** piety under Trog
  1977 | D:2      | Noticed Robin
  1980 | D:2      | Reached skill level 1 in Stealth
  1995 | D:2      | Killed Robin
  1995 | D:2      | Reached XP level 5. HP: 20/33 MP: 5/5
  2730 | D:3      | Reached *** piety under Trog
  3029 | D:3      | Reached XP level 6. HP: 39/39 MP: 6/6
  3222 | D:4      | Mangled by an ogre

Skill      XL: |  1  2  3  4  5 |
---------------+----------------+-----
Axes           | 3 4 |  4.5
Fighting       | 4 |  4.5
Dodging        | 2 |  2.9
Stealth        | 1 |  1.3
Armour         | |  2.2

Action                   |  1- 3 |  4- 6 || total
-------------------------+-------+-------++-------
Melee: Hand axe          |   116 |   180 ||   296
Invok: Berserk           |     4 |     3 ||     7
 Stab: Sleeping          |       |     1 ||     1
  Eat: Chunk             |     3 |     6 ||     9
       Ration            |     1 |       ||     1
Armor: Animal skin       |    45 |    76 ||   121
Dodge: Dodged            |    87 |   139 ||   226
